 Dungeon Crawl Stone Soup version 0.26-a0-259-g1effd001a9 (webtiles) character file.

Game seed: 15285604890017915922

25 Lugonue the Magician (level 2, -3/15 HPs)
             Began as a Deep Elf Hedge Wizard on July 20, 2020.
             Was an Initiate of Sif Muna.
             Killed by divine providence
             ... invoked by an orc priest
              (13 damage)
             ... on level 3 of the Dungeon.
             The game lasted 00:01:56 (1937 turns).

Lugonue the Magician (Deep Elf Hedge Wizard)        Turns: 1937, Time: 00:01:57

Health: -3/15      AC:  2    Str:  7    XL:     2   Next: 86%
Magic:  2/10       EV: 13    Int: 18    God:    Sif Muna [......]
Gold:   74         SH:  0    Dex: 14    Spells: 6/11 levels left

rFire    . . .     SeeInvis .   a - +0 dagger
rCold    . . .     Faith    .   (no shield)
rNeg     . . .     Spirit   .   b - +0 robe
rPois    .         Reflect  .   c - +0 hat
rElec    .         Harm     .   (no cloak)
rCorr    .                      (no gloves)
MR       +....                  (no boots)
Stlth    ++........             (no amulet)
HPRegen  0.05/turn              i - ring of protection from magic
MPRegen  0.12/turn              (no ring)

@: no status effects
A: no striking features
a: Renounce Religion


You were on level 3 of the Dungeon.
You worshipped Sif Muna.
Sif Muna was noncommittal.
You were not hungry.

You visited 1 branch of the dungeon, and saw 3 of its levels.

You collected 74 gold pieces.

Inventory:

Hand Weapons
 a - a +0 dagger (weapon)
Armour
 b - a +0 robe (worn)
 c - a +0 hat (worn)
Jewellery
 i - a ring of protection from magic (left hand)
Scrolls
 d - 6 scrolls of teleportation
 e - 2 scrolls of remove curse {unknown}
 g - 2 scrolls of identify {unknown}
 j - a scroll of enchant weapon {unknown}
 k - 2 scrolls of random uselessness {unknown}
 l - a scroll of blinking {unknown}
Potions
 h - a potion of flight {unknown}
Comestibles
 f - 3 rations


   Skills:
 + Level 3.2 Dodging
 + Level 2.5 Stealth
 + Level 5.2 Spellcasting
 + Level 1.2 Conjurations
 + Level 1.1 Summonings
 + Level 1.1 Translocations


You had 6 spell levels left.
You knew the following spells:

 Your Spells              Type           Power        Failure   Level
a - Magic Dart            Conj           #...         8%          1
b - Blink                 Tloc           N/A          12%         2
c - Call Imp              Summ           #.......     13%         2

Your spell library contained the following spells:

 Spells                   Type           Power        Failure   Level
 Slow                     Hex            #.......     21%         2
 Conjure Flame            Conj/Fire      #.......     30%         3
 Mephitic Cloud           Conj/Pois/Air  #.......     32%         3


Dungeon Overview and Level Annotations

Branches:
Dungeon (3/15)

Altars:
Makhleb
Sif Muna
Yredelemnul


Message History

Casting: Call Imp (safe; 13% risk of failure)
Confirm with . or Enter, or press ? or * to list all spells.
A beastly little devil appears in a puff of flame.
The orc closely misses your white imp.
Your crimson imp barely misses the orc.
The orc hits you.
Your white imp hits the orc.
Your white imp freezes the orc.
The orc dies!
Sif Muna accepts your kill.
You hit the orc but do no damage.
Your white imp hits the orc.
Your white imp freezes the orc.
The orc hits your white imp with a +0 flail.
Your crimson imp barely misses the orc.
The orc hits your white imp.
Unknown command.
You hit the orc but do no damage.
The orc is severely wounded.
Your crimson imp disappears in a puff of smoke!
Your white imp barely misses the orc.
The orc priest invokes the aid of Beogh against you.
Beogh smites you!
Ouch! That really hurt!
You die...

[# .# .#
.# .#
##.######
#.5.(...#
#@5# #o§#
#.5.#
#..ooo
###%.(#
.....
...###
..##


You could see an orc priest, 3 orcs, a friendly crimson imp (summoned) and 2
friendly white imps.

Vanquished Creatures
  2 dart slugs
  A goblin (D:2)
  5 hobgoblins
  5 kobolds (D:1)
  3 frilled lizards
  6 rats
22 creatures vanquished.

Vanquished Creatures (collateral kills)
  An orc (D:3)
1 creature vanquished.

Grand Total: 23 creatures vanquished

Notes
Turn   | Place    | Note
-------+----------+-------------------------------------------
     0 | D:1      | Lugonue the Deep Elf Hedge Wizard began the quest for the
                  | Orb.
     0 | D:1      | Reached XP level 1. HP: 10/10 MP: 7/7
   416 | D:1      | Reached XP level 2. HP: 15/15 MP: 3/9
   497 | D:1      | Learned a level 2 spell: Blink
   963 | D:1      | Reached skill level 5 in Spellcasting
  1262 | D:2      | Found a burning altar of Makhleb.
  1424 | D:2      | Found a shimmering blue altar of Sif Muna.
  1430 | D:2      | Became a worshipper of Sif Muna the Loreminder
  1459 | D:2      | Found a faded altar of an unknown god.
  1474 | D:2      | Found a basalt altar of Yredelemnul.
  1767 | D:2      | Learned a level 2 spell: Call Imp
  1937 | D:3      | Killed from afar by an orc priest

Illustrated notes

Levels and vault maps discovered:
D:1:      heliophobic_arrival_glass_houses, layout_loops_corners
D:2:      layout_rooms, old_standard_altar, overflow_temple_1_default,
          old_standard_altar, chequers_ecumenical_altar_simple,
          lightli_corner_chamber
D:3:      layout_loops_corners, zin_angel, lemuel_coloured_pillars_altar,
          minmay_circle_x

Skill      XL: |  1  2 |
---------------+-------+-----
Spellcasting   | 5 |  5.2
Dodging        | 3 |  3.2
Stealth        | |  2.5
Conjurations   | |  1.2
Summonings     | |  1.1
Translocations | |  1.1

Action                   || total
-------------------------++-------
Melee: Dagger            ||    14
 Cast: Magic Dart        ||    44
       Call Imp          ||     4
       Blink             ||     1
  Use: Scroll            ||     1
 Stab: Sleeping          ||     3
       Distracted        ||     1
  Eat: Ration            ||     1
Dodge: Dodged            ||    11

Table legend:
 A = Non-vault XP
 B = Vault XP
 C = Vault XP percentage of total XP
 D = Non-vault monster count
 E = Vault monster count
 F = Vault count percentage of total count
                 A         B        C        D         E       F
            +---------+---------+-------+---------+---------+-------
      Total |      37 |       0 |   0.0 |      23 |       0 |   0.0
            +---------+---------+-------+---------+---------+-------
        D:1 |      24 |       0 |   0.0 |      16 |       0 |   0.0
        D:2 |      11 |       0 |   0.0 |       6 |       0 |   0.0
        D:3 |       2 |       0 |   0.0 |       1 |       0 |   0.0
            +---------+---------+-------+---------+---------+-------
